 Dungeon Crawl Stone Soup version 0.30.0-29-ga12c61a403 (webtiles) character file.

Game seed: 17850898247942806848

609 Zelen911 the Trooper (level 7, 0/60 HPs)
             Began as a Black Draconian Berserker on June 20, 2023.
             Was a Believer of Trog.
             Slain by Prince Ribbit (4 damage)
             ... on level 5 of the Dungeon.
             The game lasted 00:17:18 (2457 turns).

Zelen911 the Trooper (Black Draconian Berserker)    Turns: 2457, Time: 00:17:19

Health: 0/60       AC:  6    Str: 22    XL:     7   Next: 19%
Magic:  7/7        EV: 13    Int:  7    God:    Trog [**....]
Gold:   199        SH:  0    Dex: 10    Spells: 6/6 levels left

rFire   . . .        p - +4 flail (protect)
rCold   . . .        (no shield)
rNeg    . . .        (body armour unavailable)
rPois   .            (helmet restricted)
rElec   +            (no cloak)
rCorr   .            (no gloves)
SInv    .            (no boots)
Will    .....        n - amulet of magic regeneration
Stlth   ++           (no ring)
HPRegen 0.30/turn    (no ring)
MPRegen 0.50/turn

%: no passive effects
@: on berserk cooldown, hasted and slowed
A: breathe lightning, AC +6, unfitting armour, electricity resistance,
cold-blooded
a: Breathe Lightning, Renounce Religion, Berserk, Trog's Hand


You were on level 5 of the Dungeon.
You worshipped Trog.
Trog was pleased with you.
You visited 1 branch of the dungeon, and saw 5 of its levels.

You collected 199 gold pieces.

Inventory:

Hand Weapons
 a - a +0 falchion
 d - a +4 dagger of speed
 p - a +4 flail of protection (weapon)
Armour
 b - a +0 leather armour
 i - a +0 barding
Jewellery
 c - a ring of resist corrosion
 j - a +6 ring of strength
 n - an amulet of magic regeneration (around neck)
 s - an amulet of regeneration
Scrolls
 e - a scroll of acquirement {unknown}
 f - 2 scrolls of magic mapping {unknown}
 g - a scroll of immolation {unknown}
 k - a scroll of enchant weapon {unknown}
 l - 4 scrolls of identify {unknown}
 q - a scroll of vulnerability {unknown}
Potions
 m - a potion of heal wounds {unknown}
 o - a potion of might {unknown}
 r - a potion of magic {unknown}


   Skills:
 + Level 4.9 Fighting
 + Level 4.7(5.2) Short Blades
 + Level 3.1(4.4) Long Blades
 + Level 1.1 Maces & Flails
 + Level 4.6 Dodging
 + Level 1.6 Stealth


You had 6 spell levels left.
You didn't know any spells.
Your spell library contained the following spells:

 Spells                   Type           Power      Damage    Failure   Level
 Dazzling Flash           Conj/Hex       0%         N/A       80%         3
 Agony                    Necr           0%         N/A       100%        5
 Silence                  Hex/Air        0%         N/A       100%        5


Dungeon Overview and Level Annotations

Branches:
Dungeon (5/15)
 Temple: D:4-7

Altars:
Elyvilon

Annotations:
D:5 Eustachio, Prince Ribbit


Innate Abilities, Weirdness & Mutations

You can breathe wild blasts of lightning.
Your glossy black scales are hard. (AC +6)
You cannot fit into any form of body armour.
You are resistant to electric shocks. (rElec)
You are cold-blooded and may be slowed by cold attacks.


Message History

Your Maces & Flails skill increases to level 1!
Prince Ribbit hits you but does no damage.
You see here an iguana corpse.
You bludgeon Prince Ribbit!!
Your tail-slap misses Prince Ribbit.
Prince Ribbit is heavily wounded.
Prince Ribbit barely misses you. x2
You miss Prince Ribbit.
Your tail-slap misses Prince Ribbit.
Your punch misses Prince Ribbit.
Prince Ribbit is heavily wounded.
Prince Ribbit misses you.
You barely miss Prince Ribbit.
Prince Ribbit is heavily wounded.
Prince Ribbit hits you!
Eustachio the Magnificent comes into view.
He is wielding a +0 rapier.
You barely miss Prince Ribbit.
Your tail-slap misses Prince Ribbit.
Prince Ribbit is heavily wounded.
Prince Ribbit hits you!
You completely miss Prince Ribbit.
Prince Ribbit is heavily wounded.
You are no longer berserk.
You are exhausted.
You feel yourself slow down.
Prince Ribbit blinks!
Eustachio mumbles some strange words.
Eustachio blinks!
Prince Ribbit barely misses you.
Eustachio casts a spell.
Eustachio blinks!
Prince Ribbit hits you!
You barely miss Prince Ribbit.
Your tail-slap misses Prince Ribbit.
Prince Ribbit is heavily wounded.
You have got your breath back.
Prince Ribbit hits you!
* * * LOW HITPOINT WARNING * * *
Prince Ribbit hits you!
* * * LOW HITPOINT WARNING * * *
An adder comes into view.
Eustachio misses you.
It was a potion of haste.
You feel yourself speed up.
Prince Ribbit hits you but does no damage.
Prince Ribbit hits you.
You die...

#......# ...
#......####...
.##.....".#.....
..........#.#...
............[..!
#......).....#
#.....†)..#
##.....@...#
.......@...##
#......F....#
##.........#..#
##..........##.#
##...........# ..#
####..#.........# .#
................# #
................#
.......######.#......


You could see Eustachio and Prince Ribbit.

Vanquished Creatures
  Sigmund (D:4)
  Edmund (D:4)
  A bullfrog (D:4)
  A scorpion (D:5)
  A hound (D:4)
  A sleepcap (D:5)
  2 iguanas
  3 adders
  2 worms
  2 dart slugs
  6 orcs
  5 endoplasms
  6 giant cockroaches
  2 goblins
  6 hobgoblins
  5 jackals
  2 kobolds
  3 quokkas
  3 ball pythons
  A bat (D:3)
  2 frilled lizards
  5 rats
61 creatures vanquished.

Notes
Turn   | Place    | Note
-------+----------+-------------------------------------------
     0 | D:1      | Zelen911 the Draconian Berserker began the quest for the
                  | Orb.
     0 | D:1      | Reached XP level 1. HP: 19/19 MP: 1/1
   236 | D:1      | Reached XP level 2. HP: 25/26 MP: 2/2
   517 | D:1      | Found a faded altar of an unknown god.
   682 | D:2      | Reached XP level 3. HP: 10/33 MP: 3/3
   835 | D:2      | Reached ** piety under Trog
   847 | D:2      | Reached skill level 1 in Short Blades
  1352 | D:4      | Reached XP level 4. HP: 35/40 MP: 4/4
  1470 | D:4      | Noticed Sigmund
  1508 | D:4      | Reached XP level 5. HP: 15/46 MP: 5/5
  1509 | D:4      | Killed Sigmund
  1510 | D:4      | Reached skill level 1 in Stealth
  1510 | D:4      | Reached XP level 6. HP: 19/53 MP: 6/6
  1784 | D:4      | Noticed Edmund
  1802 | D:4      | Killed Edmund
  1836 | D:4      | Found a white marble altar of Elyvilon.
  2405 | D:5      | Entered Level 5 of the Dungeon
  2419 | D:5      | Your scales start taking on a glossy black colour.
  2419 | D:5      | Reached XP level 7. HP: 60/60 MP: 7/7
  2419 | D:5      | Gained mutation: You are resistant to electric shocks.
                  | (rElec) [Black Draconian growth]
  2430 | D:5      | Noticed Prince Ribbit
  2448 | D:5      | Reached skill level 1 in Maces & Flails
  2451 | D:5      | Noticed Eustachio
  2456 | D:5      | HP: 3/60 [Prince Ribbit (11)]
  2457 | D:5      | Slain by Prince Ribbit

Illustrated notes

Levels and vault maps discovered:
D:1:      minmay_arrival_hallway, layout_basic,
          dilly_ecumenical_altar_fadedgnrine, minivault_27,
          minmay_large_rounded_square
D:2:      layout_basic, st_stairs_5
D:3:      layout_basic, kennysheep_nondescript
D:4:      layout_cave_pools, nicolae_elyvilon_temple_path, uniq_edmund,
          uniq_sigmund
D:5:      layout_rooms, dancing_weapons_uskayaw, st_stairs_3,
          hangedman_abyss_or_decor_stabs, uniq_prince_ribbit1, uniq_eustachio,
          uniq_grinder

Skill      XL: |  1  2  3  4  5  6  7 |
---------------+----------------------+-----
Dodging        | 3 4 |  4.6
Short Blades   | 1 2 3 4 |  4.7
Fighting       | 4 |  4.9
Stealth        | 1 |  1.6
Maces & Flails | 1 |  1.1
Long Blades    | |  3.1

Action                     |  1- 3 |  4- 6 |  7- 9 || total
---------------------------+-------+-------+-------++-------
  Melee: Dagger            |   111 |    64 |       ||   175
         Tailslap          |    12 |    15 |     1 ||    28
         Punch             |     1 |     1 |       ||     2
         Flail             |       |    39 |    17 ||    56
 Invoke: Berserk           |       |     2 |     1 ||     3
         Trog's Hand       |       |     1 |       ||     1
Ability: Breathe Lightning |       |       |     1 ||     1
    Use: Potion            |       |     2 |     1 ||     3
   Stab: Sleeping          |     1 |       |       ||     1
 Armour: Skin              |    20 |    50 |     6 ||    76
  Dodge: Dodged            |    40 |   102 |    16 ||   158
